NULL
Full Scoreboard »»

Lightning vs Sabres

Created - March 31, 2024 at 01:40

Goals
1 2 3 T
Lightning 0 2 1 3
Sabres 2 2 0 4
Shots
1 2 3 T
Lightning 10 24 9 43
Sabres 13 19 6 38

GoalsPenalties
1st period
1. Sabres , James van Riemsdyk 26 (Brayden Schenn 23) at 4:39
2. Sabres , David Pastrnak 18 (Brock Boeser 15, Neal Pionk 14) at 10:08
Oliver Moore (BUF) for Fighting (Major) at 8:13
Vladislav Namestnikov (TBL) for Fighting (Major) at 8:13
Yakov Trenin (BUF) for Tripping (Minor) at 10:35
Vladislav Namestnikov (TBL) for Interference (Minor) at 17:34
2nd period
3. Sabres , Brayden Schenn 18 (James van Riemsdyk 24, Anthony Mantha 16) at 1:08
4. Lightning , Alex Tuch 34 (Adam Fox 42) at 12:23
5. Lightning , Alex Tuch 35 (Dalibor Dvorsky 19) at 12:41 (PP)
6. Sabres , Michael Rasmussen 12 (Jesse Puljujarvi 14) at 15:11
Adam Fox (TBL) for Roughing (Minor) at 2:22
Jakob Silfverberg (TBL) for High sticking (Minor) at 7:49
Brad Hunt (BUF) for Holding (Minor) at 12:40
3rd period
7. Lightning , Vladislav Namestnikov 8 (Adam Fox 43, Rafael Harvey-Pinard 15) at 2:58 (PP)
Marc Staal (BUF) for Interference (Minor) at 1:41
Duncan Keith (TBL) for Holding (Minor) at 4:07
Alex Chiasson (TBL) for Interference (Minor) at 12:57
Anthony Mantha (BUF) for Hooking (Minor) at 14:43
Goalie Stats
Linus Ullmark (TBL), 34 saves from 38 shots - (0.895), L, 29-14-4, 59:34 minutes
Jordan Binnington (BUF), 40 saves from 43 shots - (0.930), W, 19-20-4, 60:00 minutes
3 StarsOfficial
1 - Brayden Schenn (BUF)
2 - James van Riemsdyk (BUF)
3 - Alex Tuch (TBL)
Referees : Unknown
Linesman : Unknown
Game Note
Vladislav Namestnikov beats up Oliver Moore at 8:13 of 1st period



Team Name Goals Shots Shots Attemp Shots Blocked PIM HIT PP PK FO%
Lightning 34366815242 / 4 (50%)052%
Sabres 43876813270 / 5 (0%)248%

Lightning
Player Name POS G A P +/- PIM HIT SHT SB MP PP MP PP SHT PK MP PK SHT FO% FOT GA TA
Adam FoxD0221213119:443:1500:3300% 000
Alex ChiassonLW/RW000-1212012:200:5001:5600% 200
Alex TuchLW/RW2021005016:202:1420:3300% 110
Casey CizikasC/LW/RW000-1003017:100:1404:40059% 2200
Dalibor DvorskyC0111040016:232:2300:49047% 1921
Duncan KeithD0001210020:281:4803:5500% 000
Erik CernakD000-1021121:300:0004:3600% 002
Jakob SilfverbergC/LW/RW000-1201012:020:0003:3100% 000
Jeff CarterC/RW000-1021210:560:0000:0000% 011
Jonathan ToewsC000-2005013:542:4610:00064% 1420
Luke SchennD000-3021018:050:0005:0700% 000
Martin NecasC/LW/RW0001003114:482:0710:0000% 011
Matt GrzelcykD000-3001221:231:4805:1300% 022
Rafael Harvey-PinardLW/RW011-1032013:462:4900:0000% 200
Victor HedmanD000-1015119:263:1500:0000% 001
Vladislav NamestnikovC/LW/RW101-2745015:511:4613:1410% 010
Warren FoegeleC/LW/RW000-1024014:170:0004:41050% 600
William CarrierLW000-2011011:360:0000:000100% 111
Sabres
Player Name POS G A P +/- PIM HIT SHT SB MP PP MP PP SHT PK MP PK SHT FO% FOT GA TA
Anthony ManthaLW/RW0112232018:064:5800:100100% 100
Brad HuntD0001211120:424:5302:2600% 000
Brayden SchennC/LW/RW1122063120:084:5900:56052% 2510
Brock BoeserRW0110011018:254:2600:0000% 030
Cam FowlerD0001003021:364:4900:0000% 011
David PastrnakLW/RW1010022018:304:3100:0000% 011
Ian ColeD0001011119:120:0002:3400% 001
James van RiemsdykLW/RW1122035017:564:5900:0000% 001
Jesse PuljujarviRW0111026015:230:1002:211100% 101
Marc StaalD0001211014:120:0001:5600% 001
Michael AmadioC/RW000000205:580:0700:1000% 001
Michael RasmussenC/LW1012013317:050:3902:320100% 210
Neal PionkD0111031024:114:5303:0710% 013
Nick BjugstadC/LW/RW0001022115:100:0002:32046% 1300
Nico SturmC/LW/RW000000005:270:0000:0000% 000
Oliver MooreC000-1502015:284:1600:00035% 2000
Tyson BarrieD0001003120:054:4900:0300% 001
Yakov TreninC/LW000021007:050:0001:25040% 510

Lightning

5 vs 5 Forward
Line #Left WingCenterRight WingPHYDFOFWanted %Time %Time Play
1Alex TuchDalibor DvorskyMartin Necas1223028%12:19
2William CarrierJonathan ToewsVladislav Namestnikov1223029%12:53
3Rafael Harvey-PinardCasey CizikasJeff Carter1223025%10:56
4Alex ChiassonWarren FoegeleJakob Silfverberg1221019%8:29
5 vs 5 Defense
Line #DefenseDefensePHYDFOFWanted %Time %Time Play
1Victor HedmanErik Cernak1223537%16:24
2Adam FoxDuncan Keith1223533%14:46
3Matt GrzelcykLuke Schenn1223028%12:32
4Adam FoxMatt Grzelcyk12202%0:55
Power Play Forward
Line #Left WingCenterRight WingPHYDFOFWanted %Time %Time Play
1Alex TuchDalibor DvorskyMartin Necas1225043%2:10
2Vladislav NamestnikovJonathan ToewsRafael Harvey-Pinard1225057%2:53
Power Play Defense
Line #DefenseDefensePHYDFOFWanted %Time %Time Play
1Adam FoxVictor Hedman1225064%3:15
2Matt GrzelcykDuncan Keith1225036%1:48
Penalty Kill 4 Players Forward
Line #CenterWingPHYDFOFWanted %Time %Time Play
1Casey CizikasJakob Silfverberg1225052%5:04
2Warren FoegeleVladislav Namestnikov1225048%4:38
Penalty Kill 4 Players Defense
Line #DefenseDefensePHYDFOFWanted %Time %Time Play
1Luke SchennErik Cernak1225046%4:29
2Matt GrzelcykDuncan Keith1225054%5:13
Penalty Kill 3 Players
Line #WingPHYDFOFWanted %Time %Time PlayDefenseDefensePHYDFOFWanted %Time %Time Play
1Alex Tuch122500%0:00 Adam FoxVictor Hedman122500%0:00
2Casey Cizikas122500%0:00 Erik CernakDuncan Keith122500%0:00
4 vs 4 Forward
Line #CenterWingPHYDFOFWanted %Time %Time Play
1Jonathan ToewsAlex Tuch12250100%0:13
2Dalibor DvorskyMartin Necas122500%0:00
4 vs 4 Defense
Line #DefensePHYDFOFWanted %Time %Time Play
1Adam FoxVictor Hedman12250100%50% - 0:13
2Erik CernakDuncan Keith122500%50% - 0:00
Last Minutes Offensive
Left WingCenterRight WingDefenseDefense
Alex TuchDalibor DvorskyMartin NecasAdam FoxVictor Hedman
Last Minutes Defensive
Left WingCenterRight WingDefenseDefense
Alex TuchJonathan ToewsMartin NecasAdam FoxVictor Hedman
Time
Total ForwardTotal DefenseLast Minutes OffensiveLast Minutes Defensive
60:00 60:00 0:250:00
Extra Forwards
Normal PowerPlayPenalty Kill
Dalibor Dvorsky, Rafael Harvey-Pinard, Warren FoegeleDalibor Dvorsky, Rafael Harvey-PinardWarren Foegele
Extra Defensemen
Normal PowerPlayPenalty Kill
Matt Grzelcyk, Luke Schenn, Erik CernakMatt Grzelcyk, Luke SchennErik Cernak
Penalty Shots
Alex Tuch, Martin Necas, Jonathan Toews, Dalibor Dvorsky, Jeff Carter
Goalie
Linus Ullmark, Jack Campbell
Custom OT Lines Forwards
Alex Tuch, Dalibor Dvorsky, Martin Necas, Jonathan Toews, Jakob Silfverberg, William Carrier, Vladislav Namestnikov, Rafael Harvey-Pinard, Warren Foegele, Jeff Carter
Custom OT Lines Defensemen
Adam Fox, Victor Hedman, Erik Cernak, Duncan Keith, Matt Grzelcyk
Scratches
Alex Steeves (Healthy), Ben Chiarot (Healthy)

Sabres

5 vs 5 Forward
Line #Left WingCenterRight WingPHYDFOFWanted %Time %Time Play
1David PastrnakOliver MooreBrock Boeser1223029%12:50
2James van RiemsdykBrayden SchennAnthony Mantha1223030%12:58
3Michael RasmussenNick BjugstadJesse Puljujarvi1223029%12:38
4Nico SturmYakov TreninMichael Amadio1221012%5:27
5 vs 5 Defense
Line #DefenseDefensePHYDFOFWanted %Time %Time Play
1Cam FowlerIan Cole1223537%16:22
2Neal PionkTyson Barrie1223535%15:14
3Marc StaalBrad Hunt1223028%12:17
4Cam FowlerIan Cole12200%0:00
Power Play Forward
Line #Left WingCenterRight WingPHYDFOFWanted %Time %Time Play
1David PastrnakOliver MooreBrock Boeser1225047%4:36
2James van RiemsdykBrayden SchennAnthony Mantha1225053%5:06
Power Play Defense
Line #DefenseDefensePHYDFOFWanted %Time %Time Play
1Tyson BarrieCam Fowler1225050%4:49
2Neal PionkBrad Hunt1225050%4:53
Penalty Kill 4 Players Forward
Line #CenterWingPHYDFOFWanted %Time %Time Play
1Nick BjugstadMichael Rasmussen1225050%2:32
2Yakov TreninJesse Puljujarvi1225050%2:31
Penalty Kill 4 Players Defense
Line #DefenseDefensePHYDFOFWanted %Time %Time Play
1Marc StaalIan Cole1225051%2:34
2Neal PionkBrad Hunt1225049%2:29
Penalty Kill 3 Players
Line #WingPHYDFOFWanted %Time %Time PlayDefenseDefensePHYDFOFWanted %Time %Time Play
1David Pastrnak122500%0:00 Cam FowlerIan Cole122500%0:00
2Brayden Schenn122500%0:00 Neal PionkTyson Barrie122500%0:00
4 vs 4 Forward
Line #CenterWingPHYDFOFWanted %Time %Time Play
1Nick BjugstadMichael Rasmussen122500%0:00
2Yakov TreninJesse Puljujarvi12250100%0:13
4 vs 4 Defense
Line #DefensePHYDFOFWanted %Time %Time Play
1Cam FowlerIan Cole122500%50% - 0:00
2Neal PionkTyson Barrie12250100%50% - 0:13
Last Minutes Offensive
Left WingCenterRight WingDefenseDefense
David PastrnakBrayden SchennBrock BoeserCam FowlerIan Cole
Last Minutes Defensive
Left WingCenterRight WingDefenseDefense
David PastrnakBrayden SchennBrock BoeserCam FowlerIan Cole
Time
Total ForwardTotal DefenseLast Minutes OffensiveLast Minutes Defensive
60:00 60:00 0:001:09
Extra Forwards
Normal PowerPlayPenalty Kill
Michael Rasmussen, Oliver Moore, Jesse PuljujarviMichael Rasmussen, Oliver MooreJesse Puljujarvi
Extra Defensemen
Normal PowerPlayPenalty Kill
Marc Staal, Neal Pionk, Tyson BarrieMarc Staal, Neal PionkTyson Barrie
Penalty Shots
David Pastrnak, Brayden Schenn, Brock Boeser, James van Riemsdyk, Nick Bjugstad
Goalie
Jordan Binnington, Stuart Skinner
Custom OT Lines Forwards
David Pastrnak, Brayden Schenn, Brock Boeser, James van Riemsdyk, Nick Bjugstad, Michael Rasmussen, Anthony Mantha, Jesse Puljujarvi, Oliver Moore, Yakov Trenin
Custom OT Lines Defensemen
Cam Fowler, Ian Cole, Neal Pionk, Tyson Barrie, Marc Staal
Scratches
Calle Rosen (Healthy), Christian Fischer (Healthy)


Play-by-Play

1st period


0:01 of 1st period - Oliver Moore wins face-off versus Dalibor Dvorsky in neutral zone.
1:10 of 1st period - Slapshot by Jesse Puljujarvi.
1:10 of 1st period - Shot Misses the Net.
1:47 of 1st period - Jonathan Toews is hit by Marc Staal and loses puck.
2:04 of 1st period - Cam Fowler is hit by Rafael Harvey-Pinard and loses puck.
2:31 of 1st period - Ian Cole is hit by Warren Foegele and loses puck.
2:48 of 1st period - Icing by David Pastrnak.
2:49 of 1st period - Dalibor Dvorsky wins face-off versus Oliver Moore in Sabres zone.
2:50 of 1st period - Snap shot by Alex Tuch.
2:50 of 1st period - Shot Blocked by Tyson Barrie.
3:00 of 1st period - Victor Hedman is hit by Neal Pionk and loses puck.
3:05 of 1st period - Slapshot by David Pastrnak.
3:05 of 1st period - Deflect By Alex Tuch.
3:05 of 1st period - Stopped by Linus Ullmark without a rebound.
3:06 of 1st period - Casey Cizikas wins face-off versus Nick Bjugstad in Lightning zone.
3:36 of 1st period - Off-side.
3:37 of 1st period - Jonathan Toews wins face-off versus Brayden Schenn in neutral zone.
3:40 of 1st period - Slapshot by Victor Hedman.
3:40 of 1st period - Shot Misses the Net.
4:06 of 1st period - Snap shot by Jesse Puljujarvi.
4:06 of 1st period - Stopped by Linus Ullmark without a rebound.
4:07 of 1st period - Casey Cizikas wins face-off versus Nick Bjugstad in Lightning zone.
4:07 of 1st period - Casey Cizikas is hit by Jesse Puljujarvi.
4:15 of 1st period - Wrist shot by Michael Rasmussen.
4:15 of 1st period - Stopped by Linus Ullmark without a rebound.
4:16 of 1st period - Dalibor Dvorsky wins face-off versus Nick Bjugstad in Lightning zone.
4:23 of 1st period - Snap shot by Alex Tuch.
4:23 of 1st period - Shot Misses the Net.
4:25 of 1st period - Slapshot by Matt Grzelcyk.
4:25 of 1st period - Shot Blocked by Nick Bjugstad.
4:27 of 1st period - Slapshot by Luke Schenn.
4:27 of 1st period - Stopped by Jordan Binnington without a rebound.
4:28 of 1st period - Brayden Schenn wins face-off versus Jonathan Toews in Sabres zone.
4:39 of 1st period - Slapshot by Brayden Schenn.
4:39 of 1st period - Deflect By James van Riemsdyk.
4:39 of 1st period - Goal by James van Riemsdyk - Lightning : 0 - Sabres : 1.
4:40 of 1st period - Nick Bjugstad wins face-off versus Casey Cizikas in neutral zone.
5:21 of 1st period - Wrist shot by David Pastrnak.
5:21 of 1st period - Deflect By Brock Boeser.
5:21 of 1st period - Stopped by Linus Ullmark without a rebound.
5:22 of 1st period - William Carrier wins face-off versus Brayden Schenn in Lightning zone.
5:51 of 1st period - Casey Cizikas is hit by Brayden Schenn and loses puck.
5:57 of 1st period - Adam Fox is hit by Neal Pionk and loses puck.
6:34 of 1st period - Slapshot by Alex Chiasson.
6:34 of 1st period - Shot Blocked by Michael Rasmussen.
7:03 of 1st period - Off-side.
7:04 of 1st period - Jonathan Toews wins face-off versus Oliver Moore in neutral zone.
7:11 of 1st period - Slapshot by Jonathan Toews.
7:11 of 1st period - Shot Misses the Net.
7:37 of 1st period - Slapshot by Cam Fowler.
7:37 of 1st period - Shot Blocked by Martin Necas.
7:39 of 1st period - Wrist shot by Nico Sturm.
7:39 of 1st period - Shot Misses the Net.
7:55 of 1st period - Slapshot by Victor Hedman.
7:55 of 1st period - Shot Misses the Net.
7:57 of 1st period - Snap shot by Jeff Carter.
7:57 of 1st period - Stopped by Jordan Binnington with a rebound.
7:59 of 1st period - Snap shot by Casey Cizikas.
7:59 of 1st period - Stopped by Jordan Binnington without a rebound.
8:00 of 1st period - Jonathan Toews wins face-off versus Oliver Moore in Sabres zone.
8:01 of 1st period - Snap shot by Vladislav Namestnikov.
8:01 of 1st period - Shot Misses the Net.
8:13 of 1st period - Vladislav Namestnikov beats up Oliver Moore.
8:13 of 1st period - Penalty to Oliver Moore for Fighting.
8:13 of 1st period - Penalty to Vladislav Namestnikov for Fighting.
8:14 of 1st period - Dalibor Dvorsky wins face-off versus Nick Bjugstad in Lightning zone.
8:21 of 1st period - Snap shot by Jonathan Toews.
8:21 of 1st period - Stopped by Jordan Binnington with a rebound.
8:23 of 1st period - Snap shot by Luke Schenn.
8:23 of 1st period - Shot Misses the Net.
8:58 of 1st period - Wrist shot by Warren Foegele.
8:58 of 1st period - Stopped by Jordan Binnington without a rebound.
8:59 of 1st period - Michael Rasmussen wins face-off versus Alex Chiasson in Sabres zone.
9:14 of 1st period - Michael Rasmussen is hit by Victor Hedman and loses puck.
9:21 of 1st period - Slapshot by Cam Fowler.
9:21 of 1st period - Stopped by Linus Ullmark with a rebound.
9:23 of 1st period - Snap shot by Michael Rasmussen.
9:23 of 1st period - Stopped by Linus Ullmark with a rebound.
9:50 of 1st period - Slapshot by Matt Grzelcyk.
9:50 of 1st period - Stopped by Jordan Binnington with a rebound.
10:08 of 1st period - Snap shot by David Pastrnak.
10:08 of 1st period - Goal by David Pastrnak - Lightning : 0 - Sabres : 2.
10:09 of 1st period - Dalibor Dvorsky wins face-off versus Brayden Schenn in neutral zone.
10:24 of 1st period - Snap shot by James van Riemsdyk.
10:24 of 1st period - Stopped by Linus Ullmark without a rebound.
10:25 of 1st period - Jonathan Toews wins face-off versus Yakov Trenin in Lightning zone.
10:35 of 1st period - Minor Penalty to Yakov Trenin for Tripping.
10:36 of 1st period - Michael Rasmussen wins face-off versus Dalibor Dvorsky in Sabres zone.
10:44 of 1st period - Wrist shot by Martin Necas.
10:44 of 1st period - Stopped by Jordan Binnington with a rebound.
10:46 of 1st period - Slapshot by Adam Fox.
10:46 of 1st period - Deflect By Alex Tuch.
10:46 of 1st period - Stopped by Jordan Binnington without a rebound.
10:47 of 1st period - Jonathan Toews wins face-off versus Brayden Schenn in Sabres zone.
11:00 of 1st period - Snap shot by Jonathan Toews.
11:00 of 1st period - Stopped by Jordan Binnington with a rebound.
11:02 of 1st period - Wrist shot by Dalibor Dvorsky.
11:02 of 1st period - Shot Misses the Net.
11:27 of 1st period - Slapshot by Adam Fox.
11:27 of 1st period - Shot Blocked by Ian Cole.
12:35 of 1st period - Penalty to Yakov Trenin is over, Yakov Trenin is back on ice.
13:12 of 1st period - Victor Hedman is hit by Anthony Mantha and loses puck.
14:45 of 1st period - Cam Fowler is hit by Dalibor Dvorsky.
14:56 of 1st period - Icing by Dalibor Dvorsky.
14:57 of 1st period - Oliver Moore wins face-off versus Warren Foegele in Lightning zone.
15:16 of 1st period - Wrist shot by Michael Rasmussen.
15:16 of 1st period - Shot Misses the Net.
15:18 of 1st period - Wrist shot by Nick Bjugstad.
15:18 of 1st period - Stopped by Linus Ullmark without a rebound.
15:19 of 1st period - Nick Bjugstad wins face-off versus Dalibor Dvorsky in Lightning zone.
15:34 of 1st period - Snap shot by Michael Rasmussen.
15:34 of 1st period - Shot Misses the Net.
15:36 of 1st period - Wrist shot by Michael Rasmussen.
15:36 of 1st period - Shot Hit the Post.
15:38 of 1st period - Slapshot by Nick Bjugstad.
15:38 of 1st period - Stopped by Linus Ullmark with a rebound.
15:40 of 1st period - Slapshot by Jesse Puljujarvi.
15:40 of 1st period - Stopped by Linus Ullmark with a rebound.
15:42 of 1st period - Wrist shot by Nick Bjugstad.
15:42 of 1st period - Shot Misses the Net.
16:56 of 1st period - Snap shot by Martin Necas.
16:56 of 1st period - Stopped by Jordan Binnington with a rebound.
16:58 of 1st period - Snap shot by Dalibor Dvorsky.
16:58 of 1st period - Deflect By Alex Tuch.
16:58 of 1st period - Shot Misses the Net.
16:58 of 1st period - Puck is out of play.
16:59 of 1st period - Casey Cizikas wins face-off versus Brayden Schenn in Sabres zone.
17:12 of 1st period - Slapshot by Brayden Schenn.
17:12 of 1st period - Stopped by Linus Ullmark without a rebound.
17:13 of 1st period - Brayden Schenn wins face-off versus Jonathan Toews in Lightning zone.
17:14 of 1st period - Snap shot by James van Riemsdyk.
17:14 of 1st period - Shot Misses the Net.
17:26 of 1st period - Snap shot by James van Riemsdyk.
17:26 of 1st period - Shot Hit the Post.
17:28 of 1st period - Snap shot by Anthony Mantha.
17:28 of 1st period - Shot Blocked by Adam Fox.
17:34 of 1st period - Minor Penalty to Vladislav Namestnikov for Interference.
17:35 of 1st period - Casey Cizikas wins face-off versus Oliver Moore in Lightning zone.
17:35 of 1st period - Casey Cizikas is hit by David Pastrnak.
18:01 of 1st period - Jakob Silfverberg is hit by Brayden Schenn and loses puck.
19:34 of 1st period - Penalty to Vladislav Namestnikov is over, Vladislav Namestnikov is back on ice.
19:44 of 1st period - Casey Cizikas is hit by Nick Bjugstad and loses puck.
Goals for this period are 0 for Lightning vs 2 for Sabres.
Shots for this period are 10 for Lightning vs 13 for Sabres.

2nd period


0:01 of 2nd period - Anthony Mantha wins face-off versus Casey Cizikas in neutral zone.
0:14 of 2nd period - Snap shot by Casey Cizikas.
0:14 of 2nd period - Deflect By Rafael Harvey-Pinard.
0:14 of 2nd period - Stopped by Jordan Binnington with a rebound.
0:16 of 2nd period - Snap shot by Rafael Harvey-Pinard.
0:16 of 2nd period - Deflect By Casey Cizikas.
0:16 of 2nd period - Shot Misses the Net.
0:16 of 2nd period - Puck is out of play.
0:17 of 2nd period - Jonathan Toews wins face-off versus Oliver Moore in Sabres zone.
0:17 of 2nd period - Adam Fox is hit by David Pastrnak and loses puck.
0:30 of 2nd period - Wrist shot by Oliver Moore.
0:30 of 2nd period - Stopped by Linus Ullmark without a rebound.
0:31 of 2nd period - Brayden Schenn wins face-off versus Rafael Harvey-Pinard in Lightning zone.
0:36 of 2nd period - Wrist shot by James van Riemsdyk.
0:36 of 2nd period - Shot Blocked by Jeff Carter.
0:38 of 2nd period - Slapshot by Brayden Schenn.
0:38 of 2nd period - Stopped by Linus Ullmark with a rebound.
0:40 of 2nd period - Snap shot by Brayden Schenn.
0:40 of 2nd period - Deflect By James van Riemsdyk.
0:40 of 2nd period - Shot Blocked by Matt Grzelcyk.
0:40 of 2nd period - Puck is out of play.
0:41 of 2nd period - Casey Cizikas wins face-off versus Brayden Schenn in Lightning zone.
0:56 of 2nd period - Ian Cole is hit by Rafael Harvey-Pinard.
1:02 of 2nd period - Snap shot by Anthony Mantha.
1:02 of 2nd period - Shot Misses the Net.
1:04 of 2nd period - Snap shot by Brayden Schenn.
1:04 of 2nd period - Deflect By James van Riemsdyk.
1:04 of 2nd period - Stopped by Linus Ullmark with a rebound.
1:06 of 2nd period - Snap shot by Brayden Schenn.
1:06 of 2nd period - Shot Misses the Net.
1:08 of 2nd period - Wrist shot by Brayden Schenn.
1:08 of 2nd period - Goal by Brayden Schenn - Lightning : 0 - Sabres : 3.
1:09 of 2nd period - Brayden Schenn wins face-off versus Casey Cizikas in neutral zone.
1:14 of 2nd period - Casey Cizikas is hit by James van Riemsdyk and loses puck.
1:23 of 2nd period - Snap shot by Brayden Schenn.
1:23 of 2nd period - Shot Misses the Net.
1:25 of 2nd period - Wrist shot by Anthony Mantha.
1:25 of 2nd period - Stopped by Linus Ullmark without a rebound.
1:26 of 2nd period - Oliver Moore wins face-off versus Dalibor Dvorsky in Lightning zone.
1:36 of 2nd period - Off-side.
1:37 of 2nd period - Nick Bjugstad wins face-off versus Jonathan Toews in neutral zone.
1:42 of 2nd period - Wrist shot by Jesse Puljujarvi.
1:42 of 2nd period - Stopped by Linus Ullmark with a rebound.
2:22 of 2nd period - Minor Penalty to Adam Fox for Roughing.
2:23 of 2nd period - Casey Cizikas wins face-off versus Brayden Schenn in Lightning zone.
2:23 of 2nd period - Casey Cizikas is hit by Anthony Mantha.
2:38 of 2nd period - Off-side.
2:39 of 2nd period - Warren Foegele wins face-off versus Oliver Moore in neutral zone.
2:46 of 2nd period - Wrist shot by Vladislav Namestnikov.
2:46 of 2nd period - Stopped by Jordan Binnington with a rebound.
4:22 of 2nd period - Penalty to Adam Fox is over, Adam Fox is back on ice.
4:31 of 2nd period - Snap shot by Jesse Puljujarvi.
4:31 of 2nd period - Stopped by Linus Ullmark with a rebound.
4:33 of 2nd period - Slapshot by Michael Rasmussen.
4:33 of 2nd period - Shot Misses the Net.
4:35 of 2nd period - Slapshot by Cam Fowler.
4:35 of 2nd period - Stopped by Linus Ullmark without a rebound.
4:36 of 2nd period - Nick Bjugstad wins face-off versus Dalibor Dvorsky in Lightning zone.
4:43 of 2nd period - Snap shot by Michael Rasmussen.
4:43 of 2nd period - Shot Blocked by Erik Cernak.
4:45 of 2nd period - Wrist shot by Michael Rasmussen.
4:45 of 2nd period - Shot Misses the Net.
4:47 of 2nd period - Wrist shot by Brad Hunt.
4:47 of 2nd period - Stopped by Linus Ullmark without a rebound.
4:48 of 2nd period - Brayden Schenn wins face-off versus Dalibor Dvorsky in Lightning zone.
5:17 of 2nd period - Snap shot by David Pastrnak.
5:17 of 2nd period - Shot Misses the Net.
5:19 of 2nd period - Snap shot by Tyson Barrie.
5:19 of 2nd period - Stopped by Linus Ullmark with a rebound.
5:21 of 2nd period - Wrist shot by Brock Boeser.
5:21 of 2nd period - Shot Blocked by Victor Hedman.
5:23 of 2nd period - Slapshot by Tyson Barrie.
5:23 of 2nd period - Shot Misses the Net.
6:03 of 2nd period - Slapshot by Cam Fowler.
6:03 of 2nd period - Shot Misses the Net.
6:25 of 2nd period - Anthony Mantha is hit by Dalibor Dvorsky and loses puck.
7:01 of 2nd period - Marc Staal is hit by William Carrier and loses puck.
7:18 of 2nd period - Slapshot by Adam Fox.
7:18 of 2nd period - Stopped by Jordan Binnington with a rebound.
7:20 of 2nd period - Slapshot by Alex Chiasson.
7:20 of 2nd period - Stopped by Jordan Binnington with a rebound.
7:22 of 2nd period - Slapshot by Victor Hedman.
7:22 of 2nd period - Stopped by Jordan Binnington without a rebound.
7:23 of 2nd period - Brayden Schenn wins face-off versus Warren Foegele in Sabres zone.
7:32 of 2nd period - Wrist shot by James van Riemsdyk.
7:32 of 2nd period - Shot Misses the Net.
7:34 of 2nd period - Slapshot by Tyson Barrie.
7:34 of 2nd period - Stopped by Linus Ullmark with a rebound.
7:36 of 2nd period - Wrist shot by Anthony Mantha.
7:36 of 2nd period - Stopped by Linus Ullmark with a rebound.
7:38 of 2nd period - Snap shot by Tyson Barrie.
7:38 of 2nd period - Stopped by Linus Ullmark with a rebound.
7:49 of 2nd period - Minor Penalty to Jakob Silfverberg for High sticking.
7:50 of 2nd period - Brayden Schenn wins face-off versus Casey Cizikas in Lightning zone.
9:32 of 2nd period - Erik Cernak is hit by Brayden Schenn and loses puck.
9:49 of 2nd period - Penalty to Jakob Silfverberg is over, Jakob Silfverberg is back on ice.
9:57 of 2nd period - Neal Pionk is hit by Vladislav Namestnikov and loses puck.
10:52 of 2nd period - Nico Sturm is hit by Adam Fox and loses puck.
11:05 of 2nd period - Snap shot by Cam Fowler.
11:05 of 2nd period - Deflect By Jesse Puljujarvi.
11:05 of 2nd period - Shot Misses the Net.
11:05 of 2nd period - Puck is out of play.
11:06 of 2nd period - Jonathan Toews wins face-off versus Nick Bjugstad in Lightning zone.
11:13 of 2nd period - Ian Cole is hit by Erik Cernak and loses puck.
11:18 of 2nd period - Snap shot by Jonathan Toews.
11:18 of 2nd period - Stopped by Jordan Binnington with a rebound.
11:29 of 2nd period - Icing by David Pastrnak.
11:30 of 2nd period - Oliver Moore wins face-off versus Dalibor Dvorsky in Sabres zone.
11:45 of 2nd period - Alex Tuch is hit by Brock Boeser and loses puck.
12:18 of 2nd period - Marc Staal is hit by Dalibor Dvorsky and loses puck.
12:23 of 2nd period - Wrist shot by Alex Tuch.
12:23 of 2nd period - Goal by Alex Tuch - Lightning : 1 - Sabres : 3.
12:24 of 2nd period - Casey Cizikas wins face-off versus Brayden Schenn in neutral zone.
12:24 of 2nd period - Casey Cizikas is hit by Brayden Schenn.
12:27 of 2nd period - Matt Grzelcyk is hit by James van Riemsdyk and loses puck.
12:36 of 2nd period - Snap shot by Casey Cizikas.
12:36 of 2nd period - Stopped by Jordan Binnington without a rebound.
12:37 of 2nd period - Brayden Schenn wins face-off versus Casey Cizikas in Sabres zone.
12:37 of 2nd period - Brayden Schenn is hit by Luke Schenn.
12:40 of 2nd period - Minor Penalty to Brad Hunt for Holding.
12:41 of 2nd period - Dalibor Dvorsky wins face-off versus Nick Bjugstad in Sabres zone.
12:41 of 2nd period - Wrist shot by Alex Tuch.
12:41 of 2nd period - Goal by Alex Tuch - Lightning : 2 - Sabres : 3.
12:42 of 2nd period - Casey Cizikas wins face-off versus Brayden Schenn in neutral zone.
12:45 of 2nd period - Slapshot by Matt Grzelcyk.
12:45 of 2nd period - Shot Blocked by Brad Hunt.
12:51 of 2nd period - Slapshot by Anthony Mantha.
12:51 of 2nd period - Shot Misses the Net.
12:53 of 2nd period - Slapshot by Brayden Schenn.
12:53 of 2nd period - Shot Misses the Net.
12:55 of 2nd period - Snap shot by James van Riemsdyk.
12:55 of 2nd period - Shot Blocked by Matt Grzelcyk.
12:57 of 2nd period - Slapshot by Marc Staal.
12:57 of 2nd period - Stopped by Linus Ullmark without a rebound.
12:58 of 2nd period - Jonathan Toews wins face-off versus Oliver Moore in Lightning zone.
13:07 of 2nd period - Wrist shot by David Pastrnak.
13:07 of 2nd period - Shot Misses the Net.
13:30 of 2nd period - Slapshot by Victor Hedman.
13:30 of 2nd period - Stopped by Jordan Binnington with a rebound.
13:32 of 2nd period - Wrist shot by William Carrier.
13:32 of 2nd period - Stopped by Jordan Binnington with a rebound.
13:34 of 2nd period - Slapshot by Erik Cernak.
13:34 of 2nd period - Stopped by Jordan Binnington with a rebound.
13:36 of 2nd period - Snap shot by Vladislav Namestnikov.
13:36 of 2nd period - Stopped by Jordan Binnington with a rebound.
13:38 of 2nd period - Wrist shot by Vladislav Namestnikov.
13:38 of 2nd period - Stopped by Jordan Binnington with a rebound.
13:40 of 2nd period - Wrist shot by William Carrier.
13:40 of 2nd period - Shot Misses the Net.
13:42 of 2nd period - Snap shot by Vladislav Namestnikov.
13:42 of 2nd period - Stopped by Jordan Binnington with a rebound.
14:18 of 2nd period - Wrist shot by Jonathan Toews.
14:18 of 2nd period - Stopped by Jordan Binnington with a rebound.
14:30 of 2nd period - William Carrier is hit by Nick Bjugstad and loses puck.
15:11 of 2nd period - Snap shot by Michael Rasmussen.
15:11 of 2nd period - Goal by Michael Rasmussen - Lightning : 2 - Sabres : 4.
15:12 of 2nd period - Brayden Schenn wins face-off versus Casey Cizikas in neutral zone.
15:19 of 2nd period - Snap shot by James van Riemsdyk.
15:19 of 2nd period - Stopped by Linus Ullmark with a rebound.
15:21 of 2nd period - Snap shot by Anthony Mantha.
15:21 of 2nd period - Shot Blocked by Jeff Carter.
15:23 of 2nd period - Wrist shot by Ian Cole.
15:23 of 2nd period - Deflect By Adam Fox.
15:23 of 2nd period - Stopped by Linus Ullmark without a rebound.
15:24 of 2nd period - Brayden Schenn wins face-off versus Casey Cizikas in Lightning zone.
15:58 of 2nd period - Alex Chiasson is hit by Ian Cole and loses puck.
16:26 of 2nd period - Anthony Mantha is hit by Warren Foegele.
16:49 of 2nd period - Wrist shot by Warren Foegele.
16:49 of 2nd period - Stopped by Jordan Binnington with a rebound.
16:51 of 2nd period - Slapshot by Erik Cernak.
16:51 of 2nd period - Shot Misses the Net.
16:53 of 2nd period - Slapshot by Victor Hedman.
16:53 of 2nd period - Stopped by Jordan Binnington with a rebound.
16:55 of 2nd period - Wrist shot by Warren Foegele.
16:55 of 2nd period - Stopped by Jordan Binnington with a rebound.
16:57 of 2nd period - Slapshot by Victor Hedman.
16:57 of 2nd period - Shot Blocked by Brayden Schenn.
16:59 of 2nd period - Slapshot by Victor Hedman.
16:59 of 2nd period - Stopped by Jordan Binnington without a rebound.
17:00 of 2nd period - Casey Cizikas wins face-off versus Oliver Moore in Sabres zone.
17:05 of 2nd period - Wrist shot by Rafael Harvey-Pinard.
17:05 of 2nd period - Shot Misses the Net.
17:07 of 2nd period - Snap shot by Duncan Keith.
17:07 of 2nd period - Shot Misses the Net.
17:09 of 2nd period - Slapshot by Adam Fox.
17:09 of 2nd period - Stopped by Jordan Binnington without a rebound.
17:10 of 2nd period - Casey Cizikas wins face-off versus Oliver Moore in Sabres zone.
17:27 of 2nd period - Wrist shot by Tyson Barrie.
17:27 of 2nd period - Deflect By Oliver Moore.
17:27 of 2nd period - Shot Misses the Net.
17:27 of 2nd period - Puck is out of play.
17:28 of 2nd period - Nick Bjugstad wins face-off versus Dalibor Dvorsky in Lightning zone.
17:37 of 2nd period - Slapshot by Michael Rasmussen.
17:37 of 2nd period - Shot Misses the Net.
17:39 of 2nd period - Wrist shot by Jesse Puljujarvi.
17:39 of 2nd period - Stopped by Linus Ullmark with a rebound.
17:41 of 2nd period - Slapshot by Cam Fowler.
17:41 of 2nd period - Deflect By Martin Necas.
17:41 of 2nd period - Stopped by Linus Ullmark without a rebound.
17:42 of 2nd period - Casey Cizikas wins face-off versus Oliver Moore in Lightning zone.
18:07 of 2nd period - Jesse Puljujarvi is hit by Dalibor Dvorsky and loses puck.
18:34 of 2nd period - Snap shot by Victor Hedman.
18:34 of 2nd period - Stopped by Jordan Binnington without a rebound.
18:35 of 2nd period - Oliver Moore wins face-off versus Jonathan Toews in Sabres zone.
18:35 of 2nd period - Oliver Moore is hit by Vladislav Namestnikov.
18:49 of 2nd period - Snap shot by Jonathan Toews.
18:49 of 2nd period - Stopped by Jordan Binnington without a rebound.
18:50 of 2nd period - Dalibor Dvorsky wins face-off versus Brayden Schenn in Sabres zone.
19:17 of 2nd period - Oliver Moore is hit by Rafael Harvey-Pinard and loses puck.
19:56 of 2nd period - Snap shot by Alex Chiasson.
19:56 of 2nd period - Deflect By Jakob Silfverberg.
19:56 of 2nd period - Stopped by Jordan Binnington with a rebound.
Goals for this period are 2 for Lightning vs 2 for Sabres.
Shots for this period are 24 for Lightning vs 19 for Sabres.

3rd period


0:01 of 3rd period - Casey Cizikas wins face-off versus Oliver Moore in neutral zone.
0:16 of 3rd period - Snap shot by Rafael Harvey-Pinard.
0:16 of 3rd period - Stopped by Jordan Binnington with a rebound.
0:26 of 3rd period - Alex Tuch is hit by Anthony Mantha and loses puck.
1:05 of 3rd period - Snap shot by Neal Pionk.
1:05 of 3rd period - Deflect By Michael Amadio.
1:05 of 3rd period - Stopped by Linus Ullmark with a rebound.
1:07 of 3rd period - Wrist shot by Michael Amadio.
1:07 of 3rd period - Stopped by Linus Ullmark without a rebound.
1:08 of 3rd period - Warren Foegele wins face-off versus Yakov Trenin in Lightning zone.
1:08 of 3rd period - Jakob Silfverberg is hit by Brad Hunt and loses puck.
1:14 of 3rd period - Adam Fox is hit by Yakov Trenin and loses puck.
1:19 of 3rd period - Slapshot by Adam Fox.
1:19 of 3rd period - Stopped by Jordan Binnington with a rebound.
1:21 of 3rd period - Snap shot by Alex Chiasson.
1:21 of 3rd period - Stopped by Jordan Binnington with a rebound.
1:33 of 3rd period - Brad Hunt is hit by Alex Chiasson and loses puck.
1:41 of 3rd period - Minor Penalty to Marc Staal for Interference.
1:42 of 3rd period - Dalibor Dvorsky wins face-off versus Nick Bjugstad in Sabres zone.
1:52 of 3rd period - Wrist shot by Alex Tuch.
1:52 of 3rd period - Shot Blocked by Michael Rasmussen.
2:38 of 3rd period - Slapshot by Adam Fox.
2:38 of 3rd period - Shot Blocked by Michael Rasmussen.
2:58 of 3rd period - Slapshot by Adam Fox.
2:58 of 3rd period - Deflect By Vladislav Namestnikov.
2:58 of 3rd period - Goal by Vladislav Namestnikov - Lightning : 3 - Sabres : 4.
2:59 of 3rd period - Brayden Schenn wins face-off versus Dalibor Dvorsky in neutral zone.
3:25 of 3rd period - Oliver Moore is hit by Luke Schenn and loses puck.
3:34 of 3rd period - Slapshot by Oliver Moore.
3:34 of 3rd period - Stopped by Linus Ullmark without a rebound.
3:35 of 3rd period - Jesse Puljujarvi wins face-off versus Casey Cizikas in Lightning zone.
3:45 of 3rd period - Off-side.
3:46 of 3rd period - Oliver Moore wins face-off versus Casey Cizikas in neutral zone.
3:53 of 3rd period - Snap shot by David Pastrnak.
3:53 of 3rd period - Shot Misses the Net.
3:55 of 3rd period - Wrist shot by David Pastrnak.
3:55 of 3rd period - Shot Misses the Net.
3:57 of 3rd period - Slapshot by Cam Fowler.
3:57 of 3rd period - Shot Misses the Net.
3:59 of 3rd period - Wrist shot by Oliver Moore.
3:59 of 3rd period - Shot Misses the Net.
4:01 of 3rd period - Slapshot by Oliver Moore.
4:01 of 3rd period - Shot Misses the Net.
4:07 of 3rd period - Minor Penalty to Duncan Keith for Holding.
4:08 of 3rd period - Warren Foegele wins face-off versus Oliver Moore in Lightning zone.
4:20 of 3rd period - Off-side.
4:21 of 3rd period - Casey Cizikas wins face-off versus Oliver Moore in neutral zone.
6:07 of 3rd period - Penalty to Duncan Keith is over, Duncan Keith is back on ice.
6:07 of 3rd period - Adam Fox is hit by Brayden Schenn and loses puck.
6:28 of 3rd period - Snap shot by Adam Fox.
6:28 of 3rd period - Shot Misses the Net.
6:30 of 3rd period - Snap shot by Casey Cizikas.
6:30 of 3rd period - Stopped by Jordan Binnington without a rebound.
6:31 of 3rd period - Yakov Trenin wins face-off versus Alex Tuch in Sabres zone.
7:07 of 3rd period - Oliver Moore is hit by Erik Cernak and loses puck.
7:18 of 3rd period - Duncan Keith is hit by Jesse Puljujarvi and loses puck.
7:49 of 3rd period - Cam Fowler is hit by Vladislav Namestnikov and loses puck.
8:06 of 3rd period - Icing by Brad Hunt.
8:07 of 3rd period - Dalibor Dvorsky wins face-off versus Yakov Trenin in Sabres zone.
8:51 of 3rd period - Marc Staal is hit by Vladislav Namestnikov and loses puck.
9:20 of 3rd period - Jeff Carter is hit by James van Riemsdyk and loses puck.
9:27 of 3rd period - Ian Cole is hit by Jeff Carter and loses puck.
10:52 of 3rd period - Wrist shot by James van Riemsdyk.
10:52 of 3rd period - Stopped by Linus Ullmark without a rebound.
10:53 of 3rd period - Brayden Schenn wins face-off versus Alex Chiasson in Lightning zone.
11:28 of 3rd period - Wrist shot by Alex Chiasson.
11:28 of 3rd period - Deflect By Warren Foegele.
11:28 of 3rd period - Stopped by Jordan Binnington without a rebound.
11:29 of 3rd period - Oliver Moore wins face-off versus Rafael Harvey-Pinard in Sabres zone.
11:29 of 3rd period - Oliver Moore is hit by Jeff Carter.
12:51 of 3rd period - Wrist shot by James van Riemsdyk.
12:51 of 3rd period - Shot Misses the Net.
12:57 of 3rd period - Minor Penalty to Alex Chiasson for Interference.
12:58 of 3rd period - Brayden Schenn wins face-off versus Warren Foegele in Lightning zone.
13:23 of 3rd period - Brayden Schenn is hit by Duncan Keith and loses puck.
13:32 of 3rd period - Snap shot by Jakob Silfverberg.
13:32 of 3rd period - Shot Misses the Net.
14:20 of 3rd period - Luke Schenn is hit by Michael Rasmussen and loses puck.
14:43 of 3rd period - Minor Penalty to Anthony Mantha for Hooking.
14:44 of 3rd period - Yakov Trenin wins face-off versus Jonathan Toews in Sabres zone.
14:57 of 3rd period - Penalty to Alex Chiasson is over, Alex Chiasson is back on ice.
14:57 of 3rd period - Slapshot by Jesse Puljujarvi.
14:57 of 3rd period - Stopped by Linus Ullmark with a rebound.
14:59 of 3rd period - Slapshot by Neal Pionk.
14:59 of 3rd period - Stopped by Linus Ullmark without a rebound.
15:00 of 3rd period - Nick Bjugstad wins face-off versus Dalibor Dvorsky in Lightning zone.
16:43 of 3rd period - Penalty to Anthony Mantha is over, Anthony Mantha is back on ice.
17:08 of 3rd period - Vladislav Namestnikov is hit by Neal Pionk and loses puck.
18:04 of 3rd period - Icing by Ian Cole.
18:05 of 3rd period - Jonathan Toews wins face-off versus Brayden Schenn in Sabres zone.
18:57 of 3rd period - Dalibor Dvorsky is hit by Brayden Schenn and loses puck.
19:04 of 3rd period - Wrist shot by Brock Boeser.
19:04 of 3rd period - Shot Misses the Net.
19:34 of 3rd period - Lightning, Linus Ullmark is pulled from the net.
19:34 of 3rd period - Snap shot by Alex Tuch.
19:34 of 3rd period - Stopped by Jordan Binnington without a rebound.
19:35 of 3rd period - call a timeout for Lightning.
19:35 of 3rd period - Dalibor Dvorsky wins face-off versus Brayden Schenn in Sabres zone.
19:36 of 3rd period - Wrist shot by Alex Tuch.
19:36 of 3rd period - Stopped by Jordan Binnington with a rebound.
19:58 of 3rd period - Wrist shot by Martin Necas.
19:58 of 3rd period - Stopped by Jordan Binnington with a rebound.
Goals for this period are 1 for Lightning vs 0 for Sabres.
Shots for this period are 9 for Lightning vs 6 for Sabres.